 Dungeon Crawl Stone Soup version 0.26-a0-576-gcfaa98f (webtiles) character file.

Game seed: 1427511184161363738

114 Hazorath the Sneak (level 5, 0/32 HPs)
             Began as a Kobold Brigand on Aug 22, 2020.
             Killed from afar by an orc wizard (6 damage)
             ... with a magic dart
             ... on level 4 of the Dungeon.
             The game lasted 00:05:20 (643 turns).

Hazorath the Sneak (Kobold Brigand)                  Turns: 643, Time: 00:05:21

Health: 0/32       AC:  3    Str:  8    XL:     5   Next: 19%
Magic:  5/5        EV: 15    Int: 12    God:
Gold:   59         SH:  0    Dex: 18    Spells: 4/4 levels left

rFire    . . .     SeeInvis .   a - +2 dagger
rCold    . . .     Faith    .   (shield restricted)
rNeg     . . .     Spirit   .   b - +0 robe
rPois    .         Reflect  .   (no helmet)
rElec    .         Harm     .   c - +0 cloak
rCorr    .                      (no gloves)
MR       .....                  (no boots)
Stlth    ++++......             (no amulet)
HPRegen  0.10/turn              (no ring)
MPRegen  0.09/turn              (no ring)

@: no status effects
A: small, nightstalker 3
a: no special abilities


You were on level 4 of the Dungeon.
You visited 1 branch of the dungeon, and saw 4 of its levels.

You collected 59 gold pieces.

Inventory:

Hand Weapons
 a - a +2 dagger (weapon)
Armour
 b - a +0 robe (worn)
 c - a +0 cloak (worn)
Scrolls
 f - a scroll of fear {unknown}
 g - a scroll of blinking {unknown}
 h - a scroll of magic mapping {unknown}
 j - a scroll of teleportation {unknown}
Potions
 i - a potion of mutation {unknown}
 k - a potion of magic {unknown}


   Skills:
 * Level 3.4 Fighting
 * Level 4.1 Short Blades
 * Level 3.5 Throwing
 + Level 2.2 Dodging
 - Level 5.3 Stealth


You had 4 spell levels left.
You didn't know any spells.
Your spell library was empty.

Dungeon Overview and Level Annotations

Branches:
Dungeon (4/15)
 Temple: D:4-7

Altars:
Yredelemnul


Innate Abilities, Weirdness & Mutations

You are small and have problems with some larger weapons.
You are completely attuned to the shadows.


Message History

Okay, then.
You closely miss the orc priest.
An orc comes into view. It is wielding a +0 trident.
The orc priest calls upon Beogh to heal the orc priest.
The orc priest's wounds heal themselves!
The orc priest closely misses you.
You closely miss the orc priest.
The orc wizard mumbles some strange words.
The orc wizard seems to speed up.
The orc priest calls down the wrath of Beogh upon you.
Pain shoots through your body!
* * * LOW HITPOINT WARNING * * *
An orc comes into view.
The orc wizard gestures wildly while chanting.
The orc wizard blinks!
The orc wizard casts a spell at you. You resist with some effort.
The orc wizard gestures at you while chanting.
The magic dart hits you.
You die...

...#....... ...oo.._....
..#.#ยง..?.?.#
###.#.#...o...#
......##.....#
#....####.####
#.#...o.(....
#####..o#........
##########...@..##....##..
#><..............#...## ##
.....####..).......#...#
..##.. ....##.####... .
.........#.# .#.
#.###.......#


You could see an orc wizard (fast).

Vanquished Creatures
  An orc wizard (D:2)
  A worker ant (D:4)
  2 gnolls (D:3)
  2 adders
  A worm (D:2)
  A dart slug (D:2)
  A leopard gecko (D:4)
  3 orcs
  A giant cockroach (D:2)
  3 goblins
  2 hobgoblins
  A kobold (D:3)
  A quokka (D:3)
  A bat (D:2)
  2 frilled lizards
  3 rats (D:2)
26 creatures vanquished.

Notes
Turn   | Place    | Note
-------+----------+-------------------------------------------
     0 | D:1      | Hazorath the Kobold Brigand began the quest for the Orb.
     0 | D:1      | Reached XP level 1. HP: 12/12 MP: 1/1
   185 | D:2      | Reached XP level 2. HP: 18/18 MP: 2/2
   324 | D:2      | Reached XP level 3. HP: 22/22 MP: 3/3
   367 | D:2      | Reached XP level 4. HP: 19/28 MP: 4/4
   615 | D:4      | Reached XP level 5. HP: 8/32 MP: 5/5
   623 | D:4      | Found a basalt altar of Yredelemnul.
   643 | D:4      | Killed from afar by an orc wizard

Illustrated notes

Levels and vault maps discovered:
D:1:      wander_arrival_fairy_ring, layout_basic
D:2:      layout_loops_ring, uniq_natasha
D:3:      layout_basic, cheibrodos_ashenzari_chains, led_sif_book,
          elyvilon_altar_3, gammafunk_ghost_necromancy, portal_sewer_entry_b
D:4:      layout_rooms, old_standard_altar, old_standard_altar, serial_glass,
          glass_columns_a, glass_columns_a

Skill      XL: |  1  2  3  4 |
---------------+-------------+-----
Short Blades   | 3 4 |  4.1
Fighting       | 3 |  3.4
Throwing       | 3 |  3.5
Dodging        | 2 |  2.2
Stealth        | |  5.3

Action                   |  1- 3 |  4- 6 || total
-------------------------+-------+-------++-------
Melee: Dagger            |    32 |    41 ||    73
Throw: Dart              |    12 |    25 ||    37
 Stab: Sleeping          |     4 |     2 ||     6
Armor: Robe              |     2 |     9 ||    11
Dodge: Dodged            |    16 |    37 ||    53

Table legend: (Time is in decaauts)
 A = Elapsed time spent in this place.
 B = Non-inter-level travel time spent in this place.
 C = Inter-level travel time spent in this place.
 D = Time resting spent in this place.
 E = Time spent auto-exploring this place.
 F = Levels seen in this place.
 G = Mean time per level.
                   A        B        C        D        E       F      G
               +--------+--------+--------+--------+--------+-----+--------+
         Total |    625 |    617 |      8 |      0 |    228 |   4 |  156.2 |
       Dungeon |    625 |    617 |      8 |      0 |    228 |   4 |  156.2 |
               +--------+--------+--------+--------+--------+-----+--------+

Top non-repeatable levels by time:
     D:2: 328 daAuts
     D:3: 199 daAuts
     D:4: 49 daAuts
     D:1: 48 daAuts
